 Dungeon Crawl Stone Soup version 0.29.1-12-g30fa7ad0bf (webtiles) character file.

Game seed: 2554722317312868704

13352 Nathan556 the Severer (level 12, -6/104 HPs)
             Began as a Hill Orc Fighter on Dec 15, 2022.
             Was a Follower of Yredelemnul.
             Mangled by a very large slime creature (36 damage)
             ... on level 12 of the Dungeon.
             The game lasted 01:27:08 (10712 turns).

Nathan556 the Severer (Hill Orc Fighter)           Turns: 10712, Time: 01:27:10

Health: -6/104     AC: 25    Str: 26    XL:     12   Next: 5%
Magic:  10/13      EV:  6    Int:  5    God:    Yredelemnul [*.....]
Gold:   332        SH:  8    Dex: 12    Spells: 11/11 levels left

rFire   . . .      SeeInvis .   v - +1 broad axe
rCold   . . .      Faith    .   O - +0 kite shield
rNeg    . . .      Spirit   .   j - +5 plate armour
rPois   +          Reflect  .   (no helmet)
rElec   .          Harm     .   p - +0 cloak
rCorr   +          Rampage  .   l - +2 pair of gloves {Dex+3}
Will    .....                   (no boots)
Stlth   ..........              n - amulet of regeneration
HPRegen 1.07/turn               e - ring of resist corrosion
MPRegen 0.13/turn               w - ring of poison resistance

@: unable to read
A: clumsy 1, dopey 1, strong 1, inability to read after injury 1
a: Renounce Religion, Recall Undead Harvest


You were on level 12 of the Dungeon.
You worshipped Yredelemnul.
Yredelemnul was noncommittal.
You visited 4 branches of the dungeon, and saw 15 of its levels.
You also visited: Sewer.

You collected 662 gold pieces.
You spent 330 gold pieces at shops.

Inventory:

Hand Weapons
 a - a +0 war axe
 r - a +5 falchion
 s - a +1 hand axe of flaming
 v - a +1 broad axe (weapon)
 H - a +0 battleaxe
 J - a +4 battleaxe of freezing
Missiles
 q - 65 stones
 t - 41 poisoned darts
 u - 3 atropa-tipped darts (quivered)
 y - 2 curare-tipped darts
Armour
 b - a +0 scale mail
 c - a +0 buckler
 j - a +5 plate armour (worn)
 l - a +2 pair of gloves of dexterity (worn)
 p - a +0 cloak (worn)
 x - an orb of light
 I - a scarf of shadows
 O - a +0 kite shield (worn)
Magical Staves
 g - a staff of cold
 k - a staff of death
Jewellery
 d - a ring of protection from fire
 e - a ring of resist corrosion (left hand)
 i - a ring of protection from cold
 n - an amulet of regeneration (around neck)
 w - a ring of poison resistance (right hand)
 L - an amulet of guardian spirit
 Q - a ring of see invisible
Wands
 o - a wand of paralysis (11)
 K - a wand of flame (27)
Scrolls
 h - 9 scrolls of teleportation
 D - 3 scrolls of immolation
 F - a scroll of torment
 P - 2 scrolls of identify
Potions
 f - 5 potions of attraction
 m - a potion of degeneration
 z - 3 potions of magic
 B - 5 potions of curing
 C - a potion of cancellation
 E - a potion of resistance
 G - 2 potions of heal wounds
 M - a potion of brilliance
 N - 2 potions of invisibility


   Skills:
 + Level 9.2 Fighting
 * Level 18.2 Axes
 + Level 1.2 Throwing
 * Level 11.2 Armour
 + Level 1.4 Dodging
 + Level 1.3 Stealth
 - Level 3.3 Shields
 + Level 2.0 Invocations
 + Level 0.2 Evocations


You had 11 spell levels left.
You didn't know any spells.
Your spell library contained the following spells:

 Spells                   Type           Power      Damage    Failure   Level
 Shock                    Conj/Air       0%         1d3       100%        1
 Ensorcelled Hibernation  Hex/Ice        0%         N/A       100%        2
 Call Canine Familiar     Summ           0%         N/A       100%        3
 Dazzling Flash           Conj/Hex       0%         N/A       100%        3
 Portal Projectile        Hex/Tloc       0%         N/A       100%        3
 Spider Form              Tmut/Pois      0%         N/A       100%        3
 Swiftness                Air            0%         N/A       100%        3
 Airstrike                Air            0%         2d(0-16)  100%        4
 Anguish                  Hex/Necr       0%         N/A       100%        4
 Animate Armour           Summ/Erth      0%         N/A       100%        4
 Leda's Liquefaction      Hex/Erth       0%         N/A       100%        4
 Agony                    Necr           0%         N/A       100%        5
 Blade Hands              Tmut           0%         N/A       100%        5
 Silence                  Hex/Air        0%         N/A       100%        5
 Iron Shot                Conj/Erth      0%         9d1       100%        6
 Borgnjor's Revivificati  Necr           0%         N/A       100%        8
 Necromutation            Tmut/Necr      0%         N/A       100%        8
 Death's Door             Necr           0%         N/A       100%        9


Dungeon Overview and Level Annotations

Branches:
Dungeon (12/15)            Temple (1/1) D:7            Lair (1/5) D:11
    Orc (1/2) D:11          Sewer (visited)

Altars:
Ashenzari
Cheibriados
Dithmenos
Elyvilon
Fedhas
Gozag
Hepliaklqana
Kikubaaqudgha
Makhleb
Nemelex Xobeh
Okawaru
Qazlal
Ru
Sif Muna
Trog
Uskayaw
Vehumet
Wu Jian
Xom
Yredelemnul
Zin
The Shining One

Shops:
D:10 !

Annotations:
D:8 2 transporters, GigaChad's ghost, novice MiFi


Innate Abilities, Weirdness & Mutations

You are clumsy. (Dex -2)
You are dopey. (Int -2)
Your muscles are strong. (Str +4, Int/Dex -1)
You occasionally lose the ability to read scrolls when taking damage.


Message History

The vampire mosquito barely misses you.
You block the vampire mosquito's attack.
You slash the very large slime creature!
The very large slime creature is heavily wounded.
You hit the vampire mosquito but do no damage.
You hit the spriggan. You barely miss the vampire mosquito.
Something hits you but does no damage.
The spriggan hits you but does no damage.
The vampire mosquito barely misses you. The vampire mosquito bites you.
The vampire mosquito draws strength from your injuries!
The very large slime creature hits you!!
You feel threatened and lose the ability to read scrolls!
* * * LOW HITPOINT WARNING * * *
Your vampire mosquito zombie barely misses the vampire mosquito.
Your komodo dragon zombie misses the spriggan.
You slice the very large slime creature!!
The very large slime creature is severely wounded.
You miss the vampire mosquito. You hit the spriggan.
You miss the vampire mosquito. The vampire mosquito bites you.
* * * LOW HITPOINT WARNING * * *
The vampire mosquito draws strength from your injuries!
You block the vampire mosquito's attack.
Something hits you.
* * * LOW HITPOINT WARNING * * *
Your vampire mosquito zombie closely misses the vampire mosquito.
The spriggan completely misses you. The vampire mosquito bites you.
* * * LOW HITPOINT WARNING * * *
The vampire mosquito draws strength from your injuries!
The very large slime creature closely misses you.
You block the vampire mosquito's attack.
Your komodo dragon zombie bites the spriggan!
Your vampire mosquito zombie bites the vampire mosquito.
You feel much better. Something hits you but does no damage.
The vampire mosquito bites your vampire mosquito zombie.
You block the vampire mosquito's attack.
Your vampire mosquito zombie bites the vampire mosquito!
The spriggan hits you but does no damage.
The very large slime creature hits you!!!
You die...
Your body rises from the dead as a mindless zombie.

# ... #.
..# .###.#
# . .....
!##..
...##.....
.yyZ..)..
#Ji......
#@y# #y.#
Z.## >.##
.## .. ##


You could see a very large slime creature (ally target), 4 vampire mosquitoes, a
spriggan shaped shifter, a friendly komodo dragon zombie and a friendly vampire
mosquito zombie.

Vanquished Creatures
  A two-headed ogre (D:8)
  An ugly thing (D:10)
  A cyclops (D:11)
  A gargoyle (D:10)
  A cane toad (Lair:1)
  2 kobold demonologists (D:11)
  4 komodo dragons
  2 hornets
  Prince Ribbit (D:8)
  2 trolls
  Grinder (D:3)
  2 shadows
  2 wraiths
  3 yaks (D:11)
  A wyvern (D:9)
  4 vampire mosquitoes
  3 steam dragons
  An acid dragon (D:11)
  6 orc warriors
  2 sky beasts
  2 ice beasts
  2 ogres
  2 centaurs
  Blork the orc (D:6)
  6 kobold brigands
  5 gnoll sergeants
  4 scorpions
  4 bullfrogs
  2 necrophages
  22 wights
  3 howler monkeys (D:10)
  2 hounds
  5 orc priests
  3 jellies
  Jessica (D:2)
  A gnoll bouda (D:8)
  5 iguanas
  Natasha (thrice) (D:2)
  6 orc wizards
  26 gnolls
  13 adders
  A white imp (D:7)
  An ufetubus (D:3)
  6 worms
  26 orcs
  6 ball pythons
  9 bats
  12 endoplasms
  6 giant cockroaches
  5 goblins
  9 hobgoblins
  2 jackals (D:1)
  23 kobolds
  3 quokkas (D:4)
  7 frilled lizards
  3 rats
278 creatures vanquished.

Vanquished Creatures (collateral kills)
  A kobold demonologist (D:11)
  3 yaks (D:11)
  A wraith (D:11)
  A vampire mosquito (D:8)
  A steam dragon (D:7)
  An orc warrior (D:8)
  A centaur (D:8)
  A gnoll sergeant (D:11)
  A wight (D:9)
  An orc wizard (D:8)
  2 gnolls
  An orc (D:8)
15 creatures vanquished.

Vanquished Creatures (others)
  A human zombie (D:8)
  A bullfrog zombie (D:8)
  A jelly zombie (D:7)
  6 gnoll zombies
  2 kobold zombies (D:11)
  An orc zombie (D:9)
  39 fungi
  10 plants
  2 toadstools (D:6)
63 creatures vanquished.

Grand Total: 356 creatures vanquished

Notes
Turn   | Place    | Note
-------+----------+-------------------------------------------
     0 | D:1      | Nathan556 the Hill Orc Fighter began the quest for the Orb.
     0 | D:1      | Reached XP level 1. HP: 19/19 MP: 1/1
   118 | D:1      | Reached XP level 2. HP: 16/27 MP: 2/2
   731 | D:1      | Reached skill level 3 in Axes
   953 | D:2      | Reached XP level 3. HP: 33/33 MP: 3/3
  1250 | D:2      | Noticed Natasha
  1265 | D:2      | Killed Natasha
  1266 | D:2      | Reached skill level 4 in Axes
  1266 | D:2      | Reached XP level 4. HP: 37/40 MP: 4/4
  1271 | D:2      | Gained mutation: You occasionally lose the ability to read
                  | scrolls when taking damage. [potion of mutation]
  1271 | D:2      | Gained mutation: You expend magic power (3 MP) to
                  | strengthen your wands. [potion of mutation]
  1347 | D:2      | Noticed Jessica
  1355 | D:2      | Killed Jessica
  1356 | D:2      | Reached skill level 5 in Axes
  1438 | D:2      | Noticed Natasha
  1450 | D:2      | Killed Natasha
  1451 | D:2      | Reached XP level 5. HP: 46/46 MP: 5/5
  1553 | D:2      | Noticed Natasha
  1562 | D:2      | Killed Natasha
  2240 | D:3      | Noticed Grinder
  2256 | D:3      | Killed Grinder
  2257 | D:3      | Reached skill level 7 in Axes
  2257 | D:3      | Reached skill level 5 in Armour
  2257 | D:3      | Reached XP level 6. HP: 31/53 MP: 6/6
  3025 | D:4      | Reached XP level 7. HP: 55/60 MP: 7/7
  3057 | D:4      | Reached skill level 8 in Axes
  3170 | D:4      | Reached skill level 9 in Axes
  3345 | D:4      | Reached XP level 8. HP: 54/67 MP: 8/8
  3586 | D:5      | Entered Level 5 of the Dungeon
  3612 | D:5      | Reached skill level 5 in Fighting
  3627 | D:5      | Reached skill level 10 in Axes
  4117 | D:6      | Noticed Blork the orc
  4123 | D:6      | Killed Blork the orc
  4124 | D:6      | Reached skill level 1 in Throwing
  4124 | D:6      | Reached skill level 1 in Stealth
  4144 | D:6      | Found a glowing drain.
  4172 | Sewer    | Entered a sewer
  4278 | Sewer    | Reached skill level 11 in Axes
  4531 | D:6      | Lost mutation: You expend magic power (3 MP) to strengthen
                  | your wands. [potion of mutation]
  4531 | D:6      | Lost mutation: You occasionally lose the ability to read
                  | scrolls when taking damage. [potion of mutation]
  4531 | D:6      | Gained mutation: You have sharp fingernails. [potion of
                  | mutation]
  4531 | D:6      | Gained mutation: You occasionally lose the ability to read
                  | scrolls when taking damage. [potion of mutation]
  4531 | D:6      | Gained mutation: You have hidden genetic potential. [potion
                  | of mutation]
  4556 | D:6      | Reached XP level 9. HP: 61/75 MP: 9/9
  4603 | D:6      | Reached skill level 12 in Axes
  4874 | D:6      | Found a snail-covered altar of Cheibriados.
  4880 | D:6      | Found a hide-covered altar of Uskayaw.
  5235 | D:6      | Noticed a hornet
  5251 | D:6      | Killed a hornet
  5258 | D:6      | Gained mutation: You have supernaturally acute eyesight.
                  | (SInv) [hidden potential]
  5533 | D:7      | Found a staircase to the Ecumenical Temple.
  5545 | D:7      | Reached skill level 13 in Axes
  5559 | Temple   | Entered the Ecumenical Temple
  5715 | Temple   | Became a worshipper of Yredelemnul the Dark
  5874 | D:7      | Reached * piety under Yredelemnul
  5893 | D:7      | Reached XP level 10. HP: 43/86 MP: 10/10
  6121 | D:8      | Noticed a two-headed ogre
  6134 | D:8      | Killed a two-headed ogre
  6135 | D:8      | Reached skill level 14 in Axes
  6135 | D:8      | Reached skill level 1 in Dodging
  6178 | D:8      | Gained mutation: You have sharp toenails. [hidden
                  | potential]
  6178 | D:8      | Lost mutation: You have hidden genetic potential. [hidden
                  | potential expressed]
  6341 | D:8      | Noticed GigaChad's ghost (novice MiFi)
  6341 | D:8      | Noticed a two-headed ogre
  6341 | D:8      | Noticed a moth of wrath
  6342 | D:8      | Found a bloodstained altar of Trog.
  6348 | D:8      | Found a transporter.
  6362 | D:8      | Found a transporter.
  6572 | D:8      | Noticed Prince Ribbit
  6581 | D:8      | Killed Prince Ribbit
  6581 | D:8      | Reached ** piety under Yredelemnul
  6696 | D:8      | Your ally Prince Ribbit died
  6703 | D:8      | Reached skill level 15 in Axes
  7705 | D:10     | Entered Level 10 of the Dungeon
  7762 | D:10     | Reached XP level 11. HP: 85/93 MP: 11/11
  7789 | D:10     | Noticed a green ugly thing
  7800 | D:10     | Killed a green ugly thing
  7801 | D:10     | Reached skill level 16 in Axes
  7838 | D:10     | Found Hir Nuj's Distillery.
  7900 | D:10     | Bought a potion of heal wounds for 75 gold pieces
  7900 | D:10     | Bought a potion of curing for 45 gold pieces
  7900 | D:10     | Bought a potion of curing for 45 gold pieces
  7900 | D:10     | Bought a potion of curing for 45 gold pieces
  7900 | D:10     | Bought a potion of mutation for 120 gold pieces
  7900 | D:10     | Lost mutation: You have sharp toenails. [potion of
                  | mutation]
  7900 | D:10     | Lost mutation: You have sharp fingernails. [potion of
                  | mutation]
  7900 | D:10     | Lost mutation: You have supernaturally acute eyesight.
                  | (SInv) [potion of mutation]
  7900 | D:10     | Gained mutation: You have hidden genetic defects. [potion
                  | of mutation]
  7900 | D:10     | Gained mutation: Your muscles are strong. (Str +4, Int/Dex
                  | -1) [potion of mutation]
  8499 | D:10     | Reached skill level 10 in Armour
  8732 | D:10     | Reached *** piety under Yredelemnul
  8839 | D:11     | Noticed a cyclops
  8851 | D:11     | Killed a cyclops
  8918 | D:11     | Noticed a sixfirhy
  8922 | D:11     | Reached skill level 17 in Axes
  8927 | D:11     | Gained mutation: You are clumsy. (Dex -2) [hidden defects]
  9048 | D:11     | Found a staircase to the Lair.
  9059 | Lair:1   | Entered Level 1 of the Lair of Beasts
  9494 | Lair:1   | Reached skill level 1 in Invocations
  9612 | Lair:1   | Identified the +2 falchion of Worghoir {spect, rElec MP+9
                  | Int+2}
  9925 | D:11     | Reached skill level 18 in Axes
  9943 | D:11     | Gained mutation: You are dopey. (Int -2) [hidden defects]
  9943 | D:11     | Lost mutation: You have hidden genetic defects. [hidden
                  | defects expressed]
 10260 | D:11     | Found a staircase to the Orcish Mines.
 10278 | D:11     | Reached **** piety under Yredelemnul
 10290 | D:11     | Reached ***** piety under Yredelemnul
 10673 | Orc:1    | Entered Level 1 of the Orcish Mines
 10673 | Orc:1    | Noticed an ettin
 10673 | Orc:1    | Noticed an orc sorcerer
 10699 | D:12     | Noticed a cyclops
 10701 | D:12     | Reached XP level 12. HP: 98/104 MP: 8/13
 10712 | D:12     | Mangled by a very large slime creature

Illustrated notes

Levels and vault maps discovered:
D:1:      elethiomel_arrival_maze, layout_basic
D:2:      layout_basic, fountainhead, uniq_natasha, uniq_jessica
D:3:      layout_basic, minmay_splitting_lines, uniq_grinder
D:4:      layout_cave_pools
D:5:      layout_cave_pools
D:6:      layout_rooms, minitemple, portal_sewer_entry_c, serial_aquarium,
          aquarium_bridge_square [aquarium_subvault_wall,
          aquarium_subvault_bridge, aquarium_subvault_wall,
          aquarium_subvault_balcony], aquarium_window_corridor_3,
          aquarium_window_2, aquarium_view_2b, aquarium_view_2c,
          aquarium_pool_S, minmay_gold_behind_fungi, uniq_blork_the_orc
D:7:      layout_cave_pools, minmay_temple_entry_glass
D:8:      layout_gridville, gammafunk_ghost_wrathful_warriors,
          uniq_prince_ribbit1
D:9:      layout_loops_ring
D:10:     kennysheep_steamy, layout_layer_cave, serial_shops,
          nicolae_inconvenience_store, grunt_ministairs_4
D:11:     layout_long_grid, lair_entry_dummy,
          kennysheep_orc_monster_closet_entryway
D:12:     layout_basic
Temple:   nicolae_temple_bog_church
Lair:1:   layout_loops_ring, lemuel_fruit_tree, lemuel_fruit_fields
Orc:1:    layout_diamond_mine

Skill      XL: |  1  2  3  4  5  6  7  8  9 10 11 12 |
---------------+-------------------------------------+-----
Axes           | 3 4 5 7 9 11 13 15 18 | 18.2
Armour         | 4 5 6 8 9 11 | 11.2
Fighting       | 4 5 7 8 9 |  9.2
Throwing       | 1 |  1.2
Stealth        | 1 |  1.3
Dodging        | 1 |  1.4
Invocations    | 1 2 |  2.0
Shields        | |  3.3
Evocations     | |  0.2

Action                   |  1- 3 |  4- 6 |  7- 9 | 10-12 || total
-------------------------+-------+-------+-------+-------++-------
Melee: War axe           |    99 |    86 |   285 |       ||   470
       Broad axe         |       |       |    82 |   306 ||   388
       Kick              |       |       |       |    35 ||    35
Throw: Dart              |       |       |    23 |       ||    23
       Stone             |       |       |     5 |       ||     5
Invok: Recall Undead Har |       |       |       |    13 ||    13
       Dark Bargain      |       |       |       |     5 ||     5
Evoke: Wand              |       |       |     6 |     1 ||     7
  Use: Scroll            |     5 |       |     7 |     9 ||    21
       Potion            |       |     5 |     2 |     9 ||    16
 Stab: Invisible         |       |       |     4 |       ||     4
       Distracted        |       |       |       |     1 ||     1
Armor: Scale mail        |    17 |       |       |       ||    17
       Plate armour      |    72 |    58 |   255 |   203 ||   588
Dodge: Dodged            |    39 |    17 |   103 |   104 ||   263
Block: Buckler           |    25 |    20 |    84 |    52 ||   181
       Kite shield       |       |       |       |    66 ||    66
